 Dungeon Crawl Stone Soup version 0.13.1-28-g3517093 (console) character file.

251 Magician the Cudgeler (level 5, 0/55 HPs)
             Began as an Ogre Berserker on Mar 8, 2014.
             Was a Believer of Trog.
             Slain by an orc (5 damage)
             ... on Level 4 of the Dungeon.
             The game lasted 00:03:21 (572 turns).

Magician the Cudgeler (Ogre Berserker)               Turns: 572, Time: 00:03:21

HP   0/55        AC  4     Str 22      XL: 5   Next: 65%
MP  13/13        EV 10     Int  6      God: Trog [**....]
Gold 65          SH  0     Dex 10      Spells:  0 memorised,  4 levels left

Res.Fire  : . . .   See Invis. : .   a - +0 mace
Res.Cold  : . . .   Warding    : .   b - +0 animal skin
Life Prot.: . . .   Conserve   : .   (shield restricted)
Res.Poison: .       Res.Corr.  : .   (helmet restricted)
Res.Elec. : .       Clarity    : .   k - +0 cloak
Sust.Abil.: . .     Spirit.Shd : .   (gloves unavailable)
Res.Mut.  : .       Stasis     : .   (boots unavailable)
Res.Rott. : .       Flight     : .   h - cursed amulet of rage
Saprovore : + . .                    (no ring)
                                     d - ring of magical power

@: regenerating, exhausted, slowed, very slow, very resistant to hostile
enchantments, unstealthy
A: unfitting armour, fast metabolism 1, saprovore 1, tough skin 1
a: Burn Spellbooks, Berserk, Trog's Hand, Renounce Religion, Evoke Berserk Rage


You were on level 4 of the Dungeon.
You worshipped Trog.
Trog was pleased with you.
You were very hungry.

You visited 1 branch of the dungeon, and saw 5 of its levels.

You collected 45 gold pieces.

Inventory:

Hand weapons
 a - a +0,+0 mace (weapon)
Armour
 b - a +0 animal skin (worn)
 k - a +0 cloak (worn)
Comestibles
 c - 2 meat rations
Scrolls
 f - 2 scrolls of remove curse {unknown}
 g - a scroll of fear {unknown}
 l - a scroll of noise {unknown}
Jewellery
 d - a ring of magical power (left hand)
 h - a cursed amulet of rage (around neck)
Potions
 e - a potion of heal wounds {unknown}
 i - a potion of degeneration {unknown}
 j - 2 potions of curing {unknown}


   Skills:
 + Level 5.8 Fighting
 * Level 6.9 Maces & Flails
 - Level 2.9 Dodging


You had 4 spell levels left.
You didn't know any spells.

Dungeon Overview and Level Annotations

Branches:
Dungeon (5/27)
 Temple: D:4-7

Altars:

Shops:
D:5 }%


Innate Abilities, Weirdness & Mutations

You are too large for most types of armour.
You have a fast metabolism.
You can tolerate rotten meat.
You have tough skin (AC +1).


Message History

The orc is moderately wounded.
The orc hits you with an orcish club.
* * * LOW HITPOINT WARNING * * *
The orc hits you but does no damage. The orc closely misses you.
The orc closely misses you. The orc misses you.
You hit the orc.
The orc is severely wounded.
The orc barely misses you. The orc hits you with an orcish club.
* * * LOW HITPOINT WARNING * * *
The orc barely misses you. The orc hits you with an orcish club.
* * * LOW HITPOINT WARNING * * *
The orc hits you.
* * * LOW HITPOINT WARNING * * *
The orc hits you with an orcish club.
* * * LOW HITPOINT WARNING * * *
Use which ability? (? or * to list)
Your skin crawls.
You feel resistant to hostile enchantments.
You feel slightly more hungry. The orc closely misses you. The orc hits you.
You die...

##.########
######..........#
#.....>.........#
#.####..........#
#..........#
#..........#
#....).....##..
#...ooo)..$...#
#....@.....####
#..........#
##.######### #..
##


You could see 3 orcs.

Vanquished Creatures
  A sky beast (D:3)
  A hound (D:3)
  An orc wizard (D:4)
  2 giant geckos (D:1)
  An orc (D:4)
  2 giant cockroaches
  3 hobgoblins
  5 jackals
  2 bats (D:1)
  A giant newt (D:4)
  4 goblins (D:1)
  4 kobolds
  4 rats
31 creatures vanquished.

Notes
Turn   | Place    | Note
--------------------------------------------------------------
     0 | D:1      | Magician, the Ogre Berserker, began the quest for the Orb.
     0 | D:1      | Reached XP level 1. HP: 23/23 MP: 0/0
   148 | D:1      | Reached XP level 2. HP: 25/32 MP: 1/1
   223 | D:1      | Acquired Trog's second power
   322 | D:2      | Reached XP level 3. HP: 13/39 MP: 2/2
   398 | D:2      | You fall through a shaft!
   406 | D:3      | Reached skill level 5 in Fighting
   406 | D:3      | Reached skill level 5 in Maces & Flails
   406 | D:3      | Reached XP level 4. HP: 34/48 MP: 3/3
   444 | D:3      | Noticed a sky beast
   470 | D:3      | Killed a sky beast
   470 | D:3      | Reached skill level 6 in Maces & Flails
   470 | D:3      | Reached XP level 5. HP: 27/55 MP: 4/4
   516 | D:5      | Entered Level 5 of the Dungeon
   549 | D:5      | Found Ihyla's Gadget Boutique.
   549 | D:5      | Found Choxaos' Food Emporium.
   572 | D:4      | Slain by an orc

Action                   |  1- 3 |  4- 6 || total
-------------------------+-------+-------++-------
Melee: Mace              |    75 |    21 ||    96
Invok: Berserk           |     1 |     2 ||     3
       Trog's Hand       |       |     2 ||     2
